 Dungeon Crawl Stone Soup version 0.22-a0-460-g49b1da7 (webtiles) character file.

9040 4thArraOfDagon the Carver (level 11, 0/100 HPs)
             Began as a Minotaur Monk on June 9, 2018.
             Was an Elder of Trog.
             Slain by a death yak (18 damage)
             ... on level 9 of the Dungeon.
             The game lasted 00:13:14 (2575 turns).

4thArraOfDagon the Carver (Minotaur Monk)           Turns: 2575, Time: 00:13:15

Health: 0/100      AC:  8    Str: 18    XL:     11   Next: 17%
Magic:  10/10      EV: 17    Int:  8    God:    Trog [****..]
Gold:   342        SH:  0    Dex: 13    Spells: 10/10 levels left

rFire    + . .     SeeInvis .   r - +0 great sword (curse)
rCold    . . .     Gourm    .   (shield currently unavailable)
rNeg     . . .     Faith    .   f - +0 steam dragon scales
rPois    .         Spirit   .   (helmet restricted)
rElec    .         Reflect  .   h - +0 cloak
rCorr    .         Harm     .   (no gloves)
MR       +....                  (no boots)
Stlth    ++........             (no amulet)
HPRegen  0.26/turn              m - ring of protection from fire
MPRegen  0.12/turn              x - ring of protection from magic

@: berserk cooldown, slowed, very slow
A: retaliatory headbutt, horns 2
a: Berserk, Trog's Hand, Brothers in Arms, Renounce Religion


You were on level 9 of the Dungeon.
You worshipped Trog.
Trog was greatly pleased with you.
You were hungry.

You visited 1 branch of the dungeon, and saw 9 of its levels.
You also visited: Sewer.

You collected 342 gold pieces.

Inventory:

Hand Weapons
 a - a +1 falchion
 r - a cursed +0 great sword (weapon)
Armour
 d - a +0 ring mail
 f - +0 steam dragon scales (worn)
 h - a +0 cloak (worn)
Jewellery
 m - a ring of protection from fire (left hand)
 x - a ring of protection from magic (right hand)
Wands
 u - a wand of iceblast (6)
 y - a wand of acid (8)
Scrolls
 b - a scroll of fear {unknown}
 g - a scroll of immolation {unknown}
 j - 4 scrolls of teleportation
 k - 3 scrolls of identify {unknown}
 o - a scroll of amnesia
 p - a scroll of noise {unknown}
 q - 2 scrolls of remove curse
 w - a scroll of random uselessness {unknown}
Potions
 e - a potion of lignification
 i - 5 potions of flight
 l - a potion of heal wounds {unknown}
 n - 2 potions of might {unknown}
 s - a potion of curing {unknown}
 v - a potion of mutation {unknown}
 z - a potion of magic {unknown}
Comestibles
 c - 10 rations
 t - 5 chunks of flesh


   Skills:
 + Level 10.2 Fighting
 * Level 13.4 Long Blades
 + Level 8.6 Armour
 + Level 9.4 Dodging
 - Level 1.5 Stealth


You had 10 spell levels left.
You didn't know any spells.
Your spell library was empty.

Dungeon Overview and Level Annotations

Branches:
Dungeon (9/15)             Temple (0/1) D:5
   Lair: D:8-11         Orc: D:9-12

Altars:
Dithmenos
Elyvilon
Gozag
Hepliaklqana
Nemelex Xobeh
Trog
Yredelemnul

Shops:
D:5 [


Innate Abilities, Weirdness & Mutations

You reflexively headbutt those who attack you in melee.
You have a pair of horns on your head.


Message History

Unknown command.
You hit the death yak.
The death yak is almost dead.
You are no longer berserk.
You are exhausted.
You feel yourself slow down. The death yak gores you!!
Unknown command.
You hit the death yak but do no damage. You headbutt the death yak.
The death yak is almost dead.
The death yak gores you but does no damage.
The quokka closely misses you.
You riposte.
You closely miss the quokka. Your headbutt misses the quokka.
Unknown command.
You hit the death yak but do no damage. You headbutt the death yak.
The death yak is almost dead.
The death yak gores you!!
* * * LOW HITPOINT WARNING * * *
The quokka bites you but does no damage.
The death yak gores you!!
You die...

....###.#....#......$##
....
........#.........####
...>
........†............
#.
..##...###..(........
##..)†(...........
###................
....>...r...(.......
########.T#Y........
#.........@.........
..........###.......
..........# #######
..........# ..........#
...........
............
......####### .....#


You could see a death yak, a troll and a quokka.

Vanquished Creatures
  2 two-headed ogres (D:8)
  2 death yaks (D:9)
  Pikel (D:5)
  Joseph (D:9)
  Prince Ribbit (D:7)
  A hippogriff (D:8)
  A wyvern (D:9)
  14 yaks
  The ghost of Blackrapter the Gusty, an amateur DrAE (D:3)
  3 ice beasts
  2 phantoms
  4 centaurs
  6 ogres
  A crocodile (D:9)
  2 big kobolds
  Blork the orc (D:5)
  2 bullfrogs
  5 killer bees
  5 wights (D:7)
  A howler monkey (D:9)
  4 crimson imps
  2 jellies
  A hound (D:7)
  6 orc priests
  Crazy Yiuf (D:7)
  4 orc wizards
  A gnoll shaman (D:7)
  A hell rat (D:9)
  An iguana (D:8)
  3 worker ants
  A mummy (D:6)
  A worker ant zombie (D:9)
  10 adders
  3 gnolls (D:7)
  A river rat (D:9)
  4 shadow imps
  An ooze (Sewer)
  An adder skeleton (D:8)
  2 worms
  2 dart slugs
  2 leopard geckos
  21 orcs
  4 ball pythons
  3 giant cockroaches
  5 goblins
  4 hobgoblins
  3 jackals (D:9)
  6 quokkas
  4 bats
  7 frilled lizards
  A jackal zombie (D:7)
  22 kobolds
  3 kobold zombies (D:6)
  2 leopard gecko zombies
  An orc zombie (D:6)
  A quokka skeleton (D:4)
  A quokka zombie (D:5)
  3 rats
  A spectral orc (D:3)
200 creatures vanquished.

Vanquished Creatures (others)
  A centaur (D:5)
  A hound (D:5)
  An orc (D:5)
3 creatures vanquished.

Grand Total: 203 creatures vanquished

Notes
Turn   | Place    | Note
-------+----------+-------------------------------------------
     0 | D:1      | 4thArraOfDagon the Minotaur Monk began the quest for the Orb.
     0 | D:1      | Reached XP level 1. HP: 19/19 MP: 0/0
    53 | D:2      | Reached skill level 4 in Long Blades
    53 | D:2      | Reached XP level 2. HP: 21/27 MP: 1/1
   176 | D:2      | Found a bloodstained altar of Trog.
   236 | D:2      | Became a worshipper of Trog the Wrathful
   236 | D:2      | Reached * piety under Trog
   236 | D:2      | Reached ** piety under Trog
   275 | D:2      | Found an opulent altar of Gozag.
   321 | D:3      | Noticed Blackrapter's ghost (amateur DrAE)
   327 | D:3      | Reached XP level 3. HP: 33/33 MP: 2/2
   334 | D:3      | Killed Blackrapter's ghost
   334 | D:3      | Reached skill level 5 in Long Blades
   334 | D:3      | Reached XP level 4. HP: 41/41 MP: 3/3
   334 | D:3      | Reached XP level 5. HP: 47/47 MP: 4/4
   342 | D:3      | Found a basalt altar of Yredelemnul.
   481 | D:3      | Reached skill level 6 in Long Blades
   486 | D:3      | Reached skill level 5 in Fighting
   487 | D:3      | Reached XP level 6. HP: 56/56 MP: 5/5
   634 | D:3      | Reached *** piety under Trog
   696 | D:3      | Found a glowing drain.
   709 | Sewer    | Entered a sewer
   955 | D:5      | Entered Level 5 of the Dungeon
   955 | D:5      | Noticed a slave
   956 | D:5      | Noticed a slave
   956 | D:5      | Noticed a slave
   956 | D:5      | Noticed Pikel
   957 | D:5      | Noticed Blork the orc
   957 | D:5      | Noticed a slave
   965 | D:5      | Found a staircase to the Ecumenical Temple.
   982 | D:5      | Killed Pikel
   982 | D:5      | Reached skill level 8 in Long Blades
   982 | D:5      | Reached skill level 5 in Dodging
   982 | D:5      | Reached XP level 7. HP: 53/63 MP: 6/6
   988 | D:5      | Killed Blork the orc
  1039 | D:5      | Found a white marble altar of Elyvilon.
  1067 | D:5      | Reached XP level 8. HP: 9/71 MP: 7/7
  1179 | D:5      | Found Aloimp's Armour Shop.
  1197 | D:5      | Found a hazy altar of Hepliaklqana.
  1272 | D:5      | Found a sparkling altar of Nemelex Xobeh.
  1541 | D:7      | Reached skill level 9 in Long Blades
  1562 | D:7      | Reached skill level 10 in Long Blades
  1562 | D:7      | Reached XP level 9. HP: 34/79 MP: 8/8
  1563 | D:7      | Reached skill level 5 in Armour
  1766 | D:7      | Noticed Prince Ribbit
  1779 | D:7      | Killed Prince Ribbit
  1779 | D:7      | Reached **** piety under Trog
  1813 | D:7      | Reached skill level 11 in Long Blades
  1966 | D:7      | Found a runed door.
  1970 | D:7      | Noticed Crazy Yiuf
  1975 | D:7      | Killed Crazy Yiuf
  2024 | D:8      | Noticed a two-headed ogre
  2043 | D:8      | Killed a two-headed ogre
  2043 | D:8      | Reached XP level 10. HP: 90/90 MP: 9/9
  2049 | D:8      | Noticed a two-headed ogre
  2058 | D:8      | Reached skill level 12 in Long Blades
  2061 | D:8      | Killed a two-headed ogre
  2126 | D:8      | Found a shadowy altar of Dithmenos.
  2326 | D:9      | Noticed Joseph
  2421 | D:9      | Noticed a death yak
  2430 | D:9      | Noticed a death yak
  2432 | D:9      | Killed Joseph
  2432 | D:9      | Reached skill level 13 in Long Blades
  2433 | D:9      | Noticed a death yak
  2436 | D:9      | Killed a death yak
  2436 | D:9      | Reached skill level 10 in Fighting
  2436 | D:9      | Reached XP level 11. HP: 66/99 MP: 10/10
  2563 | D:9      | Killed a death yak
  2575 | D:9      | Slain by a death yak

Vault maps used:
D:1:      scummos_arrival_star
D:2:      lightli_temple_of_fire, makhleb_altar_promises_db, first_ration,
          nrook_loot_triangle, nicolae_gozag_seed_capital
D:3:      yredelemnul_forgotten_temple_becter, portal_sewer_entry_b,
          minmay_misc_feat_doors, nemelex_dance_club_becter
D:4:      vehumet_crystals, nicolae_overflow_hidden_temple
D:5:      nicolae_overflow_crystal_walls, lemuel_crystal_altar, temple_statues,
          basic_altar, serial_shops, shop, uniq_blork_the_orc, uniq_pikel
D:6:      minmay_mini_ossuary
D:7:      marbit_many_paths, uniq_prince_ribbit1, uniq_crazy_yiuf_cottage
D:8:      lemuel_crystal_altar, lemuel_coloured_pillars_altar
D:9:      hangedman_cross_stitches, dpeg_lair_monsters, serial_shops, shop,
          uniq_joseph
Sewer:    sewer_co_15_rooms

Skill      XL: |  1  2  3  4  5  6  7  8  9 10 |
---------------+-------------------------------+-----
Long Blades    | 4 5 6 8 10 11 13 | 13.4
Fighting       | 4 5 6 7 8 10 | 10.2
Dodging        | 4 5 6 8 9 |  9.4
Armour         | 2 3 4 6 8 |  8.6
Stealth        | |  1.5

Action                   |  1- 3 |  4- 6 |  7- 9 | 10-12 || total
-------------------------+-------+-------+-------+-------++-------
Melee: Falchion          |    37 |   102 |   161 |       ||   300
       Headbutt          |     9 |    11 |    41 |    38 ||    99
       Great sword       |       |       |    15 |   146 ||   161
Invok: Berserk           |     1 |     2 |     5 |     4 ||    12
       Trog's Hand       |       |     1 |     6 |     7 ||    14
  Use: Scroll            |       |     3 |     1 |       ||     4
       Potion            |       |     2 |       |       ||     2
 Stab: Sleeping          |     2 |     1 |     1 |       ||     4
       Distracted        |       |     1 |       |     1 ||     2
  Eat: Chunk             |       |     3 |    10 |     9 ||    22
Armor: Robe              |     3 |       |       |       ||     3
       Ring mail         |    14 |       |       |       ||    14
       Steam dragon scal |     4 |    16 |    25 |    40 ||    85
       Skin              |       |    11 |    12 |       ||    23
Dodge: Dodged            |    28 |    80 |   113 |   158 ||   379
       Rpst.: Falchion   |    12 |    23 |    24 |       ||    59
       Great sword       |       |       |     5 |    39 ||    44

Table legend:
 A = Spawn XP
 B = Non-spawn XP
 C = Spawn XP percentage of total XP
 D = Spawn monster count
 E = Non-spawn monster count
 F = Spawn count percentage of total count
 G = Total turns spent on level
                    A         B        C        D         E        F      G
               +---------+---------+-------+---------+---------+-------+---------
         Total |       0 |   12915 |   0.0 |       0 |     200 |   0.0 |  2575
               +---------+---------+-------+---------+---------+-------+---------
           D:1 |       0 |       9 |   0.0 |       0 |       5 |   0.0 |    33
           D:2 |       0 |      49 |   0.0 |       0 |      13 |   0.0 |   336
           D:3 |       0 |     406 |   0.0 |       0 |      31 |   0.0 |   368
           D:4 |       0 |     103 |   0.0 |       0 |       7 |   0.0 |    92
           D:5 |       0 |    1070 |   0.0 |       0 |      14 |   0.0 |   280
           D:6 |       0 |     292 |   0.0 |       0 |      15 |   0.0 |   340
           D:7 |       0 |    2754 |   0.0 |       0 |      29 |   0.0 |   380
           D:8 |       0 |    4298 |   0.0 |       0 |      40 |   0.0 |   419
           D:9 |       0 |    3839 |   0.0 |       0 |      27 |   0.0 |   138
         Sewer |       0 |      95 |   0.0 |       0 |      19 |   0.0 |   189
               +---------+---------+-------+---------+---------+-------+---------
